 Dungeon Crawl Stone Soup version 0.21-a0-584-g185da8e (webtiles) character file.

24 Amnesiac the Chiller (level 2, -3/17 HPs)
             Began as a Deep Elf Ice Elementalist on Dec 21, 2017.
             Slain by a gnoll
             ... wielding a +0 whip
              (6 damage)
             ... on level 3 of the Dungeon.
             The game lasted 00:00:57 (269 turns).

Amnesiac the Chiller (Deep Elf Ice Elementalist)     Turns: 269, Time: 00:00:58

Health: -3/17      AC:  3    Str:  5    XL:     2   Next: 79%
Magic:  1/8        EV: 13    Int: 19    God:
Gold:   24         SH:  0    Dex: 15    Spells: 6/7 levels left

rFire    . . .     SeeInvis .   (no weapon)
rCold    . . .     Gourm    .   (no shield)
rNeg     . . .     Faith    .   a - +0 robe
rPois    .         Spirit   .   (no helmet)
rElec    .         Reflect  .   (no cloak)
rCorr    .         Harm     .   g - +0 pair of gloves
MR       .....                  (no boots)
Stlth    ++........             (no amulet)
HPRegen  0.05/turn              (no ring)
MPRegen  0.11/turn              (no ring)

@: very slightly contaminated
A: no striking features
a: no special abilities


You were on level 3 of the Dungeon.
You were not hungry.

You visited 1 branch of the dungeon, and saw 3 of its levels.

You collected 24 gold pieces.

Inventory:

Missiles
 h - 17 poisoned needles
Armour
 a - a +0 robe (worn)
 g - a +0 pair of gloves (worn)
Scrolls
 d - a scroll of enchant weapon {!r, unknown}
 e - a scroll of teleportation {!r, unknown}
Books
 b - a book of Frost

   Spells                             Type                      Level
   a - Freeze                         Ice                          1
   b - Throw Frost                    Conjuration/Ice              2
   c - Ozocubu's Armour               Charms/Ice                   3
   d - Throw Icicle                   Conjuration/Ice              4
   e - Summon Ice Beast               Ice/Summoning                4
Comestibles
 c - 2 rations
 f - 4 chunks of flesh


   Skills:
 + Level 1.7 Fighting
 + Level 2.7 Dodging
 - Level 2.4 Stealth
 - Level 3.0 Spellcasting
   Level 1.1 Conjurations
 + Level 3.4 Ice Magic


You had 6 spell levels left.
You knew the following spells:

 Your Spells              Type           Power        Failure   Level  Hunger
a - Freeze                Ice            ###.         3%          1    None


Dungeon Overview and Level Annotations

Branches:
Dungeon (3/15)

Altars:


Message History

The gnoll is lightly wounded.
The hobgoblin shouts!
The gnoll misses you.
Casting: Freeze
Confirm with . or Enter, or press ? or * to list all spells.
Aiming: Freeze
Press: ? - help, Shift-Dir - straight line, f/p - gnoll
Aim: a gnoll, wielding a club (lightly wounded)
You miscast Freeze.
You are very lightly contaminated with residual magic.
A chill runs through your body. The gnoll hits you but does no damage.
Casting: Freeze
Confirm with . or Enter, or press ? or * to list all spells.
Aiming: Freeze
Press: ? - help, Shift-Dir - straight line, f/p - gnoll
Aim: a gnoll, wielding a club (lightly wounded)
You freeze the gnoll.
The gnoll is lightly wounded.
The gnoll closely misses you.
Casting: Freeze
Confirm with . or Enter, or press ? or * to list all spells.
Aiming: Freeze
Press: ? - help, Shift-Dir - straight line, f/p - gnoll
Aim: a gnoll, wielding a club (lightly wounded)
You freeze the gnoll.
The gnoll is moderately wounded.
The gnoll hits you with a club!
Ouch! That really hurt!
* * * LOW HITPOINT WARNING * * *
Casting: Freeze
Confirm with . or Enter, or press ? or * to list all spells.
Aiming: Freeze
Press: ? - help, Shift-Dir - straight line, f/p - gnoll
Aim: a gnoll, wielding a club (moderately wounded)
You freeze the gnoll.
The gnoll is almost dead.
The gnoll closely misses you.
Unknown command.
Casting: Freeze
Confirm with . or Enter, or press ? or * to list all spells.
Aiming: Freeze
Press: ? - help, Shift-Dir - straight line, f/p - gnoll
Aim: a gnoll, wielding a club (almost dead)
You freeze the gnoll.
You kill the gnoll!
Some of the chunks of flesh in your inventory have rotted away.
Unknown command.
Casting: Freeze
Confirm with . or Enter, or press ? or * to list all spells.
Aiming: Freeze
Press: ? - help, Shift-Dir - straight line, f - gnoll
Aim: a gnoll, wielding a whip You freeze the gnoll.
The gnoll is severely wounded.
The gnoll hits you with a whip.
* * * LOW HITPOINT WARNING * * *
Casting: Freeze
Confirm with . or Enter, or press ? or * to list all spells.
Aiming: Freeze
Press: ? - help, Shift-Dir - straight line, f/p - gnoll
Aim: a gnoll, wielding a whip (severely wounded)
You miscast Freeze.
Your hands feel numb with cold.
The gnoll hits you with a whip.
You die...

##### ############
#...#
##..........###...#
#..[.........#..#
)...............#
.............<#.#
..............#.#
..............#@#
..............#g#
...(.........##g#
............###g#
..(..#...#### #)#
#... #.# #.# ..#
...


You could see 2 gnolls and a hobgoblin.

Vanquished Creatures
  A gnoll (D:3)
  A leopard gecko (D:2)
  A giant cockroach (D:2)
  2 goblins
  2 hobgoblins (D:1)
  2 jackals (D:2)
  A kobold (D:1)
  2 rats
12 creatures vanquished.

Notes
Turn   | Place    | Note
-------+----------+-------------------------------------------
     0 | D:1      | Amnesiac the Deep Elf Ice Elementalist began the quest for the Orb.
     0 | D:1      | Reached XP level 1. HP: 10/10 MP: 6/6
    98 | D:2      | Reached skill level 1 in Fighting
   115 | D:2      | Reached XP level 2. HP: 14/16 MP: 2/8
   269 | D:3      | Slain by a gnoll

Vault maps used:
D:1:      ncdulo_watergridlock, st_stairs_14
D:2:      first_ration
D:3:      vehumet_crystals

Skill      XL: |  1 |
---------------+----+-----
Fighting       | 1 |  1.7
Dodging        | |  2.7
Stealth        | |  2.4
Spellcasting   | |  3.0
Conjurations   | |  1.1
Ice Magic      | |  3.4

Action                   || total
-------------------------++-------
Melee: Unarmed           ||     1
 Cast: Freeze            ||    22
Armor: Robe              ||     3
Dodge: Dodged            ||    10

Table legend:
 A = Spawn XP
 B = Non-spawn XP
 C = Spawn XP percentage of total XP
 D = Spawn monster count
 E = Non-spawn monster count
 F = Spawn count percentage of total count
 G = Total turns spent on level
                    A         B        C        D         E        F      G
               +---------+---------+-------+---------+---------+-------+---------
         Total |       0 |      35 |   0.0 |       0 |      12 |   0.0 |   269
               +---------+---------+-------+---------+---------+-------+---------
           D:1 |       0 |       8 |   0.0 |       0 |       5 |   0.0 |   160
           D:2 |       0 |       9 |   0.0 |       0 |       4 |   0.0 |    56
           D:3 |       0 |      18 |   0.0 |       0 |       3 |   0.0 |    53
               +---------+---------+-------+---------+---------+-------+---------
